[Event "French-ch Youth U18 2022"]
[Site "Agen"]
[Date "2022.04.23"]
[Round "8.7"]
[White "Courjal, Pauline"]
[Black "Bellahcene, Sofia"]
[Result "0-1"]
[ECO "B30"]
[WhiteElo "1976"]
[BlackElo "1813"]
[Annotator "TA"]
[PlyCount "99"]
[EventDate "2022.04.17"]
[EventType "swiss"]
[EventCountry "FRA"]
[SourceTitle "playchess.com"]
[Source "ChessBase"]
[SourceQuality "1"]
[TimeControl "5400+30"]

1. e4 c5 2. Nf3 Nc6 3. c3 e5 4. Bc4 d6 5. d3 h6 6. Nbd2 {[%emt 0:03:08][%cal Ob2b4,Bb1d2,Bd2f1,Bf1g3,Bg3h5][%mdl 32] B22: Sicilian: 2 c3.} Nf6 7. Nf1 a6 8. a4 {[%emt 0:05:06] [#] White has an edge.} Be6 $146 ({Predecessor:} 8... Be7 9. Ne3 O-O 10. O-O Rb8 11. Bd2 b5 12. axb5 axb5 13. Bd5 Qc7 14. Qe2 Bd7 {1-0 (57) Tantsiura,M (2030)-Torosjan,A (1890) Ukraine 2010}) 9. Bxe6 fxe6 10. Nh4 Ne7 (10... Rg8 $11) 11. Ng3 g5 {[%emt 0:07:04] [#]} 12. Nh5 $1 Nh7 (12... Nxh5 13. Qxh5+) 13. Nf3 Ng6 14. h3 Nf6 15. Nh2 Nf4 16. Bxf4 exf4 17. e5 dxe5 18. Qe2 Rh7 19. Nxf6+ Qxf6 20. Ng4 Qf5 21. Nxe5 h5 22. Nc4 O-O-O 23. O-O-O (23. Kd2 {looks sharper.} Rf7 24. f3 Kb8 25. Kc2) 23... b5 24. axb5 axb5 25. Na3 b4 26. Nc4 Ra7 27. Qf3 {[%emt 0:01:52] [#] Strongly threatening Qc6+.} Kc7 {[%emt 0:01:45] Inhibits Qc6+. And now ...bxc3 would win. Active counter play!} 28. Kc2 {[%emt 0:05:22] Ra1 is the strong threat.} Qd5 (28... g4 $11 29. Qe4 (29. hxg4 hxg4 30. Qe4 bxc3 $11) 29... bxc3) 29. Ra1 $1 $14 ({Much weaker is} 29. Qxh5 bxc3 30. Rhe1 (30. bxc3 $2 Ra2+ 31. Kc1 Qd7 $19) 30... cxb2 31. Qf7+ Qd7 32. Qxd7+ Kxd7 $15) 29... Rxa1 30. Rxa1 Qxf3 31. gxf3 {[%emt 0:00:04][%mdl 4096] Endgame KRB-KRN} b3+ {[%emt 0:09:46] A mistake that costs the game.} (31... Kd7 $14) 32. Kd2 $18 Rb8 (32... Kd7 {keeps fighting.} 33. Ra7+ Ke8) 33. Ra6 Kd7 34. Ne5+ Kc7 35. Rc6+ Kb7 36. Rxe6 Ra8 37. Nc4 Ra1 38. Rg6 Rg1 $2 (38... Kc7 39. Rxg5 h4) 39. Rf6 {[%emt 0:00:04][%cal Bg6f6,Bf6f8,Bf8g8,Bg8g5,Bg5h5][%mdl 32] White is clearly winning.} Rg2 40. Ke2 Rh2 41. Rxf8 Rxh3 {[%emt 0:00:03] KRN-KR} 42. Rg8 Rh1 43. Rxg5 h4 44. Rh5 h3 45. d4 cxd4 46. cxd4 h2 47. Na5+ Ka6 48. Nxb3 Rb1 49. Rxh2 Rxb2+ 50. Nd2 {[%emt 0:00:02][%mdl 32768] Weighted Error Value: White=0.11 (very precise) /Black=0.25 (precise) . Loss on time!?} 0-1

[Event "French-ch Youth U18 2022"]
[Site "Agen"]
[Date "2022.04.23"]
[Round "8.8"]
[White "Sumarriva Paulin, Laura"]
[Black "Moracchini, Margaux"]
[Result "1-0"]
[ECO "A48"]
[WhiteElo "1925"]
[BlackElo "1994"]
[Annotator "TA"]
[PlyCount "67"]
[EventDate "2022.04.17"]
[EventType "swiss"]
[EventCountry "FRA"]
[SourceTitle "playchess.com"]
[Source "ChessBase"]
[SourceQuality "1"]
[TimeControl "5400+30"]

1. d4 Nf6 2. Nf3 g6 3. Bf4 Bg7 4. Nc3 d5 5. Nb5 Na6 6. e3 {[%emt 0:01:20] D00: 1 d4 d5: Unusual lines.} O-O {[%emt 0:04:49] The main line 6...0-0 scores better than 6...c6.} 7. h3 Bf5 8. Bd3 {[%emt 0:01:20] The position is equal.} Bxd3 (8... Ne4 {is interesting.} 9. O-O c6 10. Nc3 c5) 9. cxd3 c6 10. Nc3 {[%emt 0:00:31] [#]} c5 $146 ({Predecessor:} 10... Nc7 11. O-O Ne6 12. Bh2 a5 13. a3 Ne8 14. b4 Nd6 15. Qb3 axb4 16. axb4 Nc7 {1-0 (35) Bluebaum,M (2640)-Matinian,N (2454) Chess.com INT 2021}) 11. dxc5 Nxc5 12. d4 Nce4 13. Nxe4 dxe4 14. Nd2 Nh5 15. Bh2 Qd5 16. O-O Rac8 17. Qa4 (17. Qb3 $14 e6 18. Rac1) 17... b5 (17... e5 $11 {remains equal.}) 18. Qb4 $16 Rc2 19. Nb3 Rfc8 20. Qxe7 Bf8 21. Qxa7 Rxb2 22. Qb6 Rcc2 {[%emt 0:02:47] [#] ...Qf5 is the strong threat.} 23. Qb8 Ng7 ({Black should play} 23... Rxa2 24. Rxa2 Rxa2) 24. Nc5 $1 Ne6 25. Nxe6 (25. Be5 $18) 25... Qxe6 26. Rad1 (26. a3 $16) 26... Qf5 (26... Qc8 $14) 27. Bg3 ({Worse is} 27. Bd6 Rc8 28. Qb6 Qe6 $11) 27... Qd5 (27... Rxa2 $16 28. Rb1 b4) 28. a3 (28. Rb1 $18 {And now Rxb2 would win.} Rxa2 29. Rxb5) 28... Rb3 (28... b4 $16) 29. Rb1 $18 {[%emt 0:00:35][%cal Bd1b1,Bb1c1,Bc1c7,Bc7g7][%mdl 32] [#] aiming for Rxb3.} Rcb2 (29... Rxa3 30. Rxb5 Qa8) 30. Rbc1 {[%emt 0:00:18] White wants to mate with Rc8.} Kg7 31. Be5+ f6 32. Rc7+ Kg8 33. Bxf6 {[%emt 0:00:35] Intending Rg7+ and mate.} Rxa3 34. Rg7+ {[%emt 0:00:21] Weighted Error Value: White=0.17 (very precise) /Black=0.54} 1-0

[Event "French-ch Youth U18 2022"]
[Site "Agen"]
[Date "2022.04.24"]
[Round "9.1"]
[White "Girel, Joseph"]
[Black "Fardet, Elouan"]
[Result "1/2-1/2"]
[ECO "E63"]
[WhiteElo "2394"]
[BlackElo "2162"]
[Annotator "TA"]
[PlyCount "36"]
[EventDate "2022.04.17"]
[EventType "swiss"]
[EventCountry "FRA"]
[SourceTitle "playchess.com"]
[Source "ChessBase"]
[SourceQuality "1"]
[TimeControl "5400+30"]

1. d4 Nf6 2. c4 g6 3. Nf3 Bg7 4. g3 O-O 5. Bg2 d6 6. Nc3 Nc6 7. O-O a6 8. d5 Na5 9. b3 Rb8 10. Bd2 c5 11. dxc6 {[%emt 0:00:16] E63: King's Indian: Fianchetto: Panno Variation with 7...a6.} Nxc6 12. Rc1 Bf5 13. Ng5 {[%emt 0:02:08] White is slightly better.} h6 14. Nge4 Nxe4 15. Nxe4 Qd7 16. Bc3 {[%emt 0:01:58] [#]} Bh3 $146 ({Predecessor:} 16... Rfe8 17. Re1 Rbc8 18. Bxg7 Kxg7 19. Nc3 Bh3 20. Bh1 Qc7 21. Qd2 Qa5 22. Red1 Be6 {½-½ (37) Lederer,Y (2259)-Saleem,A (2042) Chicago 2017}) 17. Bxg7 Kxg7 18. Qd2 Bxg2 {[%emt 0:07:04] Weighted Error Value: White=0.06 (flawless) /Black=0.06 (flawless)} 1/2-1/2

[Event "French-ch Youth U18 2022"]
[Site "Agen"]
[Date "2022.04.24"]
[Round "9.2"]
[White "Decuigniere, Tom"]
[Black "Eveno, Nathan"]
[Result "1/2-1/2"]
[ECO "D30"]
[WhiteElo "2292"]
[BlackElo "2107"]
[Annotator "TA"]
[PlyCount "77"]
[EventDate "2022.04.17"]
[EventType "swiss"]
[EventCountry "FRA"]
[SourceTitle "playchess.com"]
[Source "ChessBase"]
[SourceQuality "1"]
[TimeControl "5400+30"]

1. d4 d5 2. c4 e6 3. Nf3 c6 4. e3 f5 5. Bd3 Bd6 6. b3 {[%emt 0:02:50] A84: Dutch Defence: 2 c4 Miscellaneous.} Nh6 {[%emt 0:05:55] [#]} 7. a4 $146 ({Predecessor:} 7. O-O Qe7 8. a4 a5 9. Ba3 Bxa3 10. Nxa3 O-O 11. Nc2 Nd7 12. Qd2 Nf6 13. Ne5 Ne4 14. Bxe4 fxe4 {½-½ (56) Saduakassova,D (2481)-Eljanov,P (2663) Douglas 2019}) 7... a5 8. Ba3 {[%emt 0:01:14] White has an edge.} Nf7 9. Qc2 Bxa3 10. Nxa3 Qf6 11. Qc3 Nd7 12. Nc2 O-O 13. c5 (13. O-O $11) 13... e5 $15 14. Nd2 (14. Be2 $15) 14... exd4 (14... f4 $17 {And now ...e4 would win.} 15. O-O f3 16. gxf3 (16. Nxf3 $2 e4 $19) 16... Ng5) 15. exd4 (15. Nxd4 $11 Ng5 16. Bxf5 Nxc5 17. Qxc5 Bxf5 18. Qc3) 15... Re8+ $17 16. Kd1 Qg5 17. g3 f4 18. Kc1 Nf6 19. f3 $2 (19. Kb2 $11 {and White stays safe.}) 19... fxg3 $19 20. hxg3 Qxg3 21. Kb2 Qf4 22. Ne1 Bf5 23. Ng2 Qg5 24. Rag1 {[%emt 0:02:14] [#]} Bxd3 $1 25. Qxd3 Kf8 (25... Nh6 $19 26. Ne1 Qf4) 26. f4 Qg4 27. Nf3 Re4 28. Rh4 {[%emt 0:03:45] [#]} Qg3 ({Better is} 28... Qf5 $1 $17 29. Ne3 Qe6) 29. Qf1 $36 {[%emt 0:00:04][%cal Og2e3][%mdl 2048] Ne3! is the strong threat. White has the initiative.} Ng4 {[%emt 0:02:55] Against Ne3. aiming for ...Rae8.} 30. Nge1 (30. Rxh7 $5 Rae8 31. Ka3 $14) 30... Qf2+ (30... Ne3 $15 31. Rxg3 Nxf1) 31. Qxf2 Nxf2 32. Rxh7 Rxf4 (32... Rae8 {feels hotter.} 33. Rgxg7 Rxf4 34. Ne5 Nxe5 35. dxe5 Rxe5 36. Rxb7 Kg8) 33. Rhxg7 {[%emt 0:02:59] Threatens to win with Rg8+.} (33. Ne5 {keeps more tension.} Re8 34. Rgxg7 Nxe5 35. dxe5 Rxe5 36. Rxb7 Kg8 37. Rbg7+) 33... Re8 {[%emt 0:00:56] The position is equal.} 34. Rg8+ Ke7 35. Rxe8+ Kxe8 36. Rg8+ Kd7 37. Rf8 Nd3+ 38. Nxd3 Rxf3 39. Kc2 {[%emt 0:04:48] Black had all chances to win.  Weighted Error Value: White=0.25 (precise) /Black=0.20 (precise)} 1/2-1/2

[Event "French-ch Youth U18 2022"]
[Site "Agen"]
[Date "2022.04.24"]
[Round "9.3"]
[White "Mathieu, Phileas"]
[Black "Mathez, Florian"]
[Result "1-0"]
[ECO "C77"]
[WhiteElo "2323"]
[BlackElo "2009"]
[Annotator "TA"]
[PlyCount "53"]
[EventDate "2022.04.17"]
[EventType "swiss"]
[EventCountry "FRA"]
[SourceTitle "playchess.com"]
[Source "ChessBase"]
[SourceQuality "1"]
[TimeControl "5400+30"]

1. e4 e5 2. Nf3 Nc6 3. Bb5 a6 4. Ba4 Nf6 5. d3 b5 6. Bb3 Be7 7. a4 b4 8. Nbd2 O-O 9. O-O d6 10. a5 Be6 {[%emt 0:11:54] C84: Closed Ruy Lopez: Unusual White 6th moves.} 11. Nc4 Nd7 12. Be3 d5 {[%emt 0:11:47] [#]} (12... Bf6 $11 {keeps the balance.}) 13. Ba4 $1 $16 Ncb8 (13... Na7 $142) (13... Nd4 14. Ncxe5) 14. Ncxe5 {[%emt 0:01:28] &Bianco is more active.} Nxe5 15. Nxe5 {[%emt 0:00:03] [#]} dxe4 $146 (15... d4 $16) ({Predecessor:} 15... Bd6 16. Nf3 dxe4 17. Ng5 Qf6 18. dxe4 Be5 19. Qh5 h6 20. Nxe6 fxe6 21. Rad1 Bd6 {1-0 (40) Fercec,N (2439)-Ljubicic,M (1872) Hum na Sutli 2019}) 16. dxe4 $18 Bf6 17. Nd3 Bc4 18. e5 Be7 (18... Bxd3 $142 19. exf6 (19. Qxd3 Qxd3 20. cxd3 Bxe5 $16) (19. cxd3 Bxe5 20. Qf3 c6 $16) 19... Bxf1) 19. Qg4 Be6 20. Qg3 Bh4 21. Qf3 Bd5 22. Qg4 {[%emt 0:00:18] White is clearly winning.} Be6 23. Qxb4 Nd7 24. Rad1 Rb8 25. Qc3 Qc8 26. Bc6 Rd8 27. Ba7 {[%emt 0:00:44] Black got outplayed after the opening.  Weighted Error Value: White=0.15 (very precise) /Black=0.49} 1-0

[Event "French-ch Youth U18 2022"]
[Site "Agen"]
[Date "2022.04.24"]
[Round "9.4"]
[White "Harutyunyan, Safar"]
[Black "Larmet, Nino"]
[Result "0-1"]
[ECO "C75"]
[WhiteElo "2217"]
[BlackElo "1986"]
[Annotator "TA"]
[PlyCount "104"]
[EventDate "2022.04.17"]
[EventType "swiss"]
[EventCountry "FRA"]
[SourceTitle "playchess.com"]
[Source "ChessBase"]
[SourceQuality "1"]
[TimeControl "5400+30"]

1. e4 e5 2. Nf3 Nc6 3. Bb5 a6 4. Ba4 d6 5. c3 Bd7 6. O-O g6 7. d4 Bg7 8. Re1 Nf6 $1 {[%emt 0:00:05][%mdl 4] outshines the older 8...Nge7.} 9. Nbd2 O-O 10. h3 exd4 {[%emt 0:01:05] C60: Ruy Lopez: Unusual Black 3rd moves and 3...g6.} 11. cxd4 Nb4 12. Bb3 Nd3 {[%emt 0:11:36] The position is equal.} 13. Re3 Nxc1 14. Rxc1 {[%emt 0:00:11] [#]} Bc6 $146 ({Predecessor:} 14... c6 15. Re1 d5 16. exd5 cxd5 17. Nf1 Qb6 18. Ne3 Be6 19. Ne5 Rfc8 20. Qd3 a5 {1-0 (55) Almasi,Z (2707)-Stevic,H (2616) Heraklion 2017}) 15. d5 Bd7 16. Qc2 Rc8 17. e5 (17. Rce1 $11) 17... dxe5 $15 18. Nxe5 Bf5 19. Qc4 Ne8 (19... Bh6 $15 20. Re2 Qd6) 20. g4 Nd6 21. Qe2 Bd7 22. f4 $1 Bh6 $36 {[%emt 0:13:01][%mdl 2048] Black is pushing.} 23. Rf1 (23. Qf2 $11) 23... Bb5 $17 24. Ndc4 (24. Nd3 $17 {keeps fighting.}) 24... f6 $19 25. Nf3 Bxf4 26. Re6 c6 $2 ({Black should try} 26... f5 $1 $19 {Strongly threatening ...Ne4.} 27. a4 fxg4 $1 28. hxg4 Bd7) 27. Rxd6 Qxd6 $17 (27... Bxd6 $6 28. Qe6+ Kg7 29. Nxd6 Bxf1 30. Nxc8 $11 (30. Kxf1 $2 Rc7 $19)) 28. Nxd6 Bxe2 {[%emt 0:00:02] A strong pair of Bishops.} 29. Nxc8 Bxf1 (29... Rxc8 $17 30. dxc6+ Kf8 31. cxb7 Rb8) 30. Ne7+ (30. dxc6+ $15 Kh8 31. Kxf1 Rxc8 32. cxb7) 30... Kf7 $19 31. d6+ Ke8 32. Kxf1 Kd7 {[%emt 0:02:15] Prevents Nc8.} (32... Bxd6 33. Ng8) 33. h4 Bxd6 ({Weaker is} 33... Kxd6 34. h5 Kxe7 35. hxg6 hxg6 36. Nh4) 34. Ng8 Bf4 (34... c5 $19 {aiming for ...Bf4.} 35. Ke2 b5) 35. Kg2 {[%emt 0:02:09] [#]} (35. Nd4 $17 {was called for.} Kd6 36. Ne6 Rxg8 37. Nxf4) 35... Bc1 $1 36. h5 gxh5 ({And not} 36... Bxb2 37. Nh4) 37. gxh5 (37. Nd4 {is the only way for White.} Kd6 38. Kg3) 37... a5 38. a4 b5 39. Kg3 bxa4 40. Bc4 Bxb2 41. Kf4 Rb8 {[%emt 0:01:27] And now ...Rb4 would win.} 42. Kf5 Rb4 43. Ba2 Rb5+ 44. Kg4 a3 {[%emt 0:00:39] White must now prevent ...Bc3.} 45. Nh6 Bc3 46. Bg8 Rb2 47. Bxh7 a2 {Black mates.} 48. Bf5+ Kc7 49. Nf7 a1=Q 50. h6 Rg2+ 51. Kh5 Qh1+ 52. Nh4 Be1 {[%emt 0:00:18] Weighted Error Value: White=0.74/Black=0.37} 0-1

[Event "French-ch Youth U18 2022"]
[Site "Agen"]
[Date "2022.04.24"]
[Round "9.5"]
[White "Bellahcene, Sofia"]
[Black "Blanquet, Camille"]
[Result "0-1"]
[ECO "B15"]
[WhiteElo "1813"]
[BlackElo "1928"]
[Annotator "TA"]
[PlyCount "88"]
[EventDate "2022.04.17"]
[EventType "swiss"]
[EventCountry "FRA"]
[SourceTitle "playchess.com"]
[Source "ChessBase"]
[SourceQuality "1"]
[TimeControl "5400+30"]

1. e4 c6 2. d4 d5 3. Nc3 dxe4 4. Nxe4 Nf6 5. Nxf6+ exf6 6. c3 Bd6 7. Bd3 O-O 8. Qc2 Re8+ {[%emt 0:00:12] B15: Caro-Kann: 3 Nc3: 3...g6 and 3...dxe4 4 Nxe4 Nf6 5 Nxf6+ exf6.} 9. Ne2 h5 10. Be3 Nd7 {[%emt 0:00:29] The position is equal.} 11. O-O-O Nf8 12. Kb1 Be6 13. c4 Rc8 14. Nc3 Bb4 15. Ne4 b5 {[%emt 0:06:39] [#]} (15... Be7) (15... Be7 $11 {remains equal.}) 16. Nc5 $146 (16. c5 $1 $16) ({Predecessor:} 16. c5 Re7 17. Nd6 Rb8 18. Bf4 Ba5 19. Be4 Bd7 20. d5 cxd5 21. Bxd5 Bc7 22. c6 {1-0 (48) Lobanov,S (2522)-Abdusattorov,N (2627) Chess.com INT 2020}) 16... Bxc5 $11 17. dxc5 Qa5 18. b3 Nd7 (18... a6 $11) 19. cxb5 cxb5 20. Bd4 ({Better is} 20. Bh7+ $14 Kh8 21. Be4) 20... Red8 (20... b4) (20... b4 $11) 21. Bh7+ $16 {[%emt 0:03:07] This bishop pair is nice.} Kh8 22. Bf5 Qc7 23. Bxe6 fxe6 24. Be3 Ne5 (24... Kg8 $11) 25. Qe2 (25. Bf4) (25. Bf4 $16) 25... Ng4 26. h3 (26. Rxd8+ Rxd8 27. Rc1 (27. Qxb5 Nxe3 28. fxe3 Qe5)) 26... Nxe3 27. Qxh5+ Kg8 28. fxe3 Qc6 29. Qg4 {[%emt 0:04:34] Against Qe4+} Rxd1+ (29... f5 30. Qh4 (30. Rxd8+ Rxd8 31. Qb4 Qxg2) 30... Rxd1+ 31. Rxd1 Qxc5 32. Rd8+ Rxd8 33. Qxd8+ Kf7) (29... f5 {is interesting.} 30. Qh4 Rxd1+ 31. Rxd1 Qxc5 32. Rd8+ Rxd8 33. Qxd8+ Kf7) 30. Rxd1 $11 {[%emt 0:00:10][%mdl 4096] Endgame Threatens to win with b4. KQR-KQR} f5 31. Qd4 (31. Qg6 $5 ) 31... Qxc5 {[%emt 0:01:19] With the idea ...Qc2+.} 32. Qxc5 Rxc5 {[%emt 0:00:05] KR-KR} 33. Kb2 {[%emt 0:00:53] Inhibits Rc3.} a5 34. g4 Kf7 35. Rd4 Kf6 (35... g5 $142 36. a4 bxa4 37. Rxa4 Kg6) 36. Rd7 (36. gxf5 $17 {might work better.} exf5 37. h4) 36... g5 $19 37. Rd4 (37. a3 {was called for.}) 37... Ke5 {[%emt 0:01:55] White must now prevent ...f4.} 38. h4 $2 {[%emt 0:01:58] [#]} (38. Rd8 Ke4 39. Re8) 38... f4 $1 ({Inferior is} 38... gxh4 39. gxf5 exf5 40. Rxh4 $15) 39. h5 fxe3 40. Rd1 Ke4 {[%emt 0:01:59] ( -> ...e2)} 41. h6 e2 {[%emt 0:01:00] Black mates.} 42. Rh1 Kd3 43. h7 Rc8 44. a4 b4 {[%emt 0:01:43] Weighted Error Value: White=0.62/Black=0.15 (very precise)} 0-1

[Event "French-ch Youth U18 2022"]
[Site "Agen"]
[Date "2022.04.24"]
[Round "9.6"]
[White "Courjal, Pauline"]
[Black "Tomasi, Elise"]
[Result "0-1"]
[ECO "C43"]
[WhiteElo "1976"]
[BlackElo "1988"]
[Annotator "TA"]
[PlyCount "62"]
[EventDate "2022.04.17"]
[EventType "swiss"]
[EventCountry "FRA"]
[SourceTitle "playchess.com"]
[Source "ChessBase"]
[SourceQuality "1"]
[TimeControl "5400+30"]

1. e4 e5 2. Nf3 Nf6 3. d4 Nxe4 4. Bd3 d5 5. dxe5 Be7 6. c3 {[%emt 0:12:49] [#] C43: Petroff Defence: 3 d4.} Bf5 $146 ({Predecessor:} 6... Nc6 7. O-O Bg4 8. Bf4 Qd7 9. h3 Bh5 10. Re1 Nc5 11. Be2 Ne6 12. Bg3 O-O-O 13. b4 Kb8 {½-½ (54) Jonsson,D (2542)-Mendl,M (2525) ICCF email 2015}) 7. Nd4 Bg6 8. e6 (8. O-O $11) 8... f5 (8... O-O $15) 9. f3 {[%emt 0:15:22] [#]} Nd6 ({Black should play} 9... O-O $1 $15) 10. Bf4 ({Better is} 10. Ne2 $11) 10... O-O $15 11. b4 Bf6 (11... a5 $15 12. b5 c5 13. bxc6 Nxc6) 12. Qe2 (12. O-O $1 $11) 12... Re8 {[%emt 0:06:28] And now ...Bxd4 would win.} 13. Be5 (13. Na3 $15) 13... Nc6 $19 14. Nxc6 bxc6 15. Bxf6 Qxf6 16. O-O Qxe6 ({Black should try} 16... Rxe6 $19 17. Qf2 Rae8) 17. Qd1 {[%emt 0:05:58] Loses the game.} (17. Qxe6+ $17 Rxe6 18. Ba6) 17... f4 {[%emt 0:01:02] aiming for ...Qe3+.} 18. Bxg6 Qxg6 19. Qd4 (19. Nd2) 19... Qc2 $2 (19... Re2 20. Rf2 {[#]} Nf5 $1 ) 20. Nd2 $2 (20. Qd2 {was the crucial defense.} Qf5 21. Na3) 20... Re2 21. Rf2 Rae8 22. Raf1 Nb5 23. Qxf4 Nxc3 24. Qg5 h6 25. Qh5 R8e5 26. Qg4 Qxd2 27. Rxe2 Nxe2+ 28. Kh1 Rg5 29. Qh3 Nf4 {[%emt 0:00:09] Black mates.} 30. Qc8+ Kh7 31. Rg1 Qf2 {[%emt 0:00:28] Weighted Error Value: White=1.49/Black=0.41} 0-1

[Event "French-ch Youth U18 2022"]
[Site "Agen"]
[Date "2022.04.24"]
[Round "9.7"]
[White "Renaudin, Axelle"]
[Black "Sumarriva Paulin, Laura"]
[Result "0-1"]
[ECO "A09"]
[WhiteElo "1591"]
[BlackElo "1925"]
[Annotator "TA"]
[PlyCount "36"]
[EventDate "2022.04.17"]
[EventType "swiss"]
[EventCountry "FRA"]
[SourceTitle "playchess.com"]
[Source "ChessBase"]
[SourceQuality "1"]
[TimeControl "5400+30"]

1. Nf3 d5 2. c4 dxc4 3. e4 Bg4 4. Bxc4 e6 5. Qb3 Bxf3 6. Qxf3 {[%emt 0:00:21] A09: Réti Opening: 1 Nf3 d5 2 c4.} Nc6 {[%emt 0:21:32] [#]} 7. Qd1 $146 ({Predecessor:} 7. Nc3 a6 8. O-O Nd4 9. Qd1 Ne7 10. d3 Nec6 11. Be3 Bc5 12. Qh5 Ba7 13. Rac1 {1-0 (44) Boff,L (2023)-Terao,J (2257) Florianopolis 2022}) 7... Bc5 {[%emt 0:08:10][%cal Oc5f2] White must now prevent ...Bxf2+!} 8. d3 {[%emt 0:05:00] Black is slightly better.} Qf6 9. O-O Nge7 10. Bd2 O-O ({Don't take} 10... Qxb2 11. Nc3 (11. Bc3 Qb6 $11) 11... Nd4 12. Rb1 $16) 11. Qh5 Bd4 (11... Qxb2 $2 {[#]} 12. Qxc5 $1 b6 13. Qa3 (13. Bc3 Qxc3 14. Nxc3 bxc5 $11) 13... Qxa3 14. Nxa3 $18) 12. Nc3 h6 (12... Qg6 $15 13. Qxg6 Nxg6) 13. Qe2 (13. Ne2 $11) 13... Ng6 $36 {[%emt 0:02:30][%mdl 2048] Black fights for an advantage.} 14. Rac1 a6 15. a3 Nce5 {[%emt 0:03:20] &Nero is more active.} 16. Be3 ({White should play} 16. Kh1 $15) 16... Nf4 {[%emt 0:00:45] Pair of Knights!} 17. Qd2 {[%emt 0:00:42][%mdl 8192] [#]} (17. Bxf4 $15 Qxf4 18. g3) 17... Nf3+ $1 $19 18. gxf3 (18. Kh1 Nxd2) 18... Qg5+ {[%emt 0:00:12] Weighted Error Value: White=0.96/Black=0.14 (very precise)} 0-1

[Event "French-ch Youth U18 2022"]
[Site "Agen"]
[Date "2022.04.24"]
[Round "9.8"]
[White "Lordier, Sophia"]
[Black "Estin-Charbonnel, Lucie"]
[Result "1-0"]
[ECO "A58"]
[WhiteElo "1725"]
[BlackElo "1537"]
[Annotator "NA RC COMBH"]
[PlyCount "111"]
[EventDate "2022.04.17"]
[EventType "swiss"]
[EventCountry "FRA"]
[SourceTitle "playchess.com"]
[Source "ChessBase"]
[SourceQuality "1"]
[TimeControl "5400+30"]

1. d4 Nf6 2. c4 c5 3. d5 b5 4. cxb5 a6 5. bxa6 g6 6. a7 Rxa7 7. Nc3 d6 8. e4 Bg7 9. Nf3 O-O 10. Bd3 Ba6 11. O-O Nbd7 12. Bxa6 Rxa6 13. Qe2 Qb6 14. a4 Rfa8 15. Nd2 Qb7 16. Rb1 Ne8 17. Qd3 Bxc3 18. bxc3 Qa7 19. Kh1 Rxa4 20. f4 Nef6 21. Bb2 c4 22. Qe2 Nc5 23. Ra1 Rxa1 24. Rxa1 Qxa1+ 25. Bxa1 Rxa1+ 26. Nf1 Nfxe4 27. Kg1 Nxc3 28. Qxc4 N5e4 29. h3 Rd1 30. Kh2 Rxd5 31. Qc7 e6 32. Ng3 Rc5 33. Qb8+ Kg7 34. Qb4 Nxg3 35. Kxg3 d5 36. Kh2 Ne4 37. Qd4+ Kg8 38. Qb4 Rc4 39. Qb8+ Kg7 40. Qe5+ Kg8 41. h4 Nc3 42. h5 gxh5 43. f5 exf5 44. Qxf5 Rg4 45. Qc8+ Kg7 46. Qxc3+ f6 47. Qf3 Rg5 48. g3 Re5 49. Kh3 Rg5 50. Qf4 Kg6 51. Qd6 h6 52. Qd7 Re5 53. Kg2 Rf5 54. Qe8+ Kg7 55. Qe6 Kg6 56. Qg8# 1-0